NCAA
ILLINOIS FIGHTING ILLINI @ PITTSBURGH PANTHERS
05/15/2027
 
TOP OF THE 1ST
Illinois Fighting Illini batting - Pitching for Pittsburgh Panthers : RHP António Estrada
Pitching: RHP António Estrada
Batting: SHB Shannon Cline 0-0: Swinging Strike
0-1: Ball
1-1: Ball
2-1: Foul Ball, location: 2F
2-2: Foul Ball, location: 2F
2-2: Foul Ball, location: 2F
2-2: Strikes out swinging
Batting: RHB Alfonso Reyes 0-0: Called Strike
0-1: Ball
1-1: Ground out 6-3 (Groundball, 6)
Batting: RHB Benoît Vigneault 0-0: Called Strike
0-1: Called Strike
0-2: Ball
1-2: Ball
2-2: Foul Ball, location: 2F
2-2: DOUBLE (Line Drive, 9LM)
Batting: LHB John Miller 0-0: Ball
1-0: Called Strike
1-1: Ball
2-1: Foul Ball, location: 2F
2-2: Strikes out swinging
Top of the 1st over - 0 run(s), 1 hit(s), 0 error(s), 1 left on base; Illinois 0 - Pittsburgh 0
BOTTOM OF THE 1ST
Pittsburgh Panthers batting - Pitching for Illinois Fighting Illini : LHP José Vera
Pitching: LHP José Vera
Batting: RHB Ron Johnson 0-0: SINGLE (Line Drive, 7S)
Batting: RHB Martín Camacho 0-0: Called Strike
0-1: Swinging Strike
0-2: Fly out, F4 (Popup, 4D)
Batting: RHB Ismael Ortíz 0-0: Called Strike
0-1: Ball
1-1: Called Strike
1-2: Ball
2-2: Ground out 1-3 (Groundball, 13S)
Ron Johnson to second
Batting: RHB Pete Woods 0-0: Ball
1-0: Ball
2-0: Ball
3-0: Base on Balls
Batting: LHB Alonso Carbajal 0-0: Ball
1-0: Ball
2-0: Called Strike
2-1: Swinging Strike
2-2: Foul Ball, location: 2F
2-2: Foul Ball, location: 2F
2-2: Ball
3-2: Ground out 4-3 (Groundball, 4S)
Bottom of the 1st over - 0 run(s), 1 hit(s), 0 error(s), 2 left on base; Illinois 0 - Pittsburgh 0
TOP OF THE 2ND
Illinois Fighting Illini batting - Pitching for Pittsburgh Panthers : RHP António Estrada
Batting: RHB Jesús Vélez 0-0: Called Strike
0-1: Ball
1-1: Swinging Strike
1-2: Ball
2-2: Foul Ball, location: 2F
2-2: Foul Ball, location: 2F
2-2: Ball
3-2: Foul Ball, location: 2F
3-2: Base on Balls
Batting: RHB Ryan Draper 0-0: Called Strike
Jesús Vélez steals 2nd base
0-1: Ball
1-1: Swinging Strike
1-2: Fly out, F9 (Flyball, 89M)
Batting: RHB Alonso Durán 0-0: Called Strike
0-1: Swinging Strike
0-2: Ball
1-2: Foul Ball, location: 2F
1-2: Fly out, F7 (Flyball, 7S)
Batting: RHB Fernando Núńez 0-0: Called Strike
0-1: Called Strike
0-2: Ball
1-2: Strikes out swinging
Top of the 2nd over - 0 run(s), 0 hit(s), 0 error(s), 1 left on base; Illinois 0 - Pittsburgh 0
BOTTOM OF THE 2ND
Pittsburgh Panthers batting - Pitching for Illinois Fighting Illini : LHP José Vera
Batting: RHB Phil Ford 0-0: Foul Ball, location: 2F
0-1: Foul Ball, location: 2F
0-2: Ball
1-2: Fly out, F7 (Flyball, 7S)
Batting: LHB Brandon Davis 0-0: Called Strike
0-1: Ground out U3 (Groundball, 34)
Batting: RHB Henry Cahill 0-0: Ball
1-0: Foul Ball, location: 2F
1-1: Called Strike
1-2: Ball
2-2: Ball
3-2: Foul Ball, location: 2F
3-2: Base on Balls
Batting: LHB Mike Hanson 0-0: Called Strike
0-1: Ball
1-1: Ground out 1-3 (Groundball, 15S)
Bottom of the 2nd over - 0 run(s), 0 hit(s), 0 error(s), 1 left on base; Illinois 0 - Pittsburgh 0
TOP OF THE 3RD
Illinois Fighting Illini batting - Pitching for Pittsburgh Panthers : RHP António Estrada
Batting: RHB Jon Foster 0-0: Ball
1-0: Ball
2-0: Called Strike
2-1: Fly out, F8 (Flyball, 8RS)
Batting: SHB Shannon Cline 0-0: Called Strike
0-1: Foul Ball, location: 2F
0-2: Foul Ball, location: 2F
0-2: Strikes out swinging
Batting: RHB Alfonso Reyes 0-0: Ball
1-0: Ground out 6-3 (Groundball, 6)
Top of the 3rd over - 0 run(s), 0 hit(s), 0 error(s), 0 left on base; Illinois 0 - Pittsburgh 0
BOTTOM OF THE 3RD
Pittsburgh Panthers batting - Pitching for Illinois Fighting Illini : LHP José Vera
Batting: RHB Ron Johnson 0-0: Ball
1-0: Ball
2-0: Fly out, F9 (Flyball, 9LM)
Batting: RHB Martín Camacho 0-0: Ball
1-0: Ball
2-0: Called Strike
2-1: DOUBLE (Line Drive, 7LS)
Batting: RHB Ismael Ortíz 0-0: Ground out 4-3 (Groundball, 4)
Martín Camacho to third
Batting: RHB Pete Woods 0-0: Ball
1-0: Swinging Strike
1-1: Ball
2-1: Ball
3-1: Base on Balls
Batting: LHB Alonso Carbajal 0-0: Foul Ball, location: 2F
0-1: SINGLE (Line Drive, 34D)
Martín Camacho scores
Pete Woods to second
Runner from 2nd tries for 3rd, SAFE, throw made to third
Batting: RHB Phil Ford 0-0: Ground out 4-3 (Groundball, 4S)
Bottom of the 3rd over - 1 run(s), 2 hit(s), 0 error(s), 2 left on base; Illinois 0 - Pittsburgh 1
TOP OF THE 4TH
Illinois Fighting Illini batting - Pitching for Pittsburgh Panthers : RHP António Estrada
Batting: RHB Benoît Vigneault 0-0: Called Strike
0-1: Ball
1-1: SINGLE (Groundball, 56D)
Batting: LHB John Miller 0-0: Ball
1-0: Called Strike
1-1: SINGLE (Line Drive, 6MD)
Benoît Vigneault to second
Batting: RHB Jesús Vélez 0-0: Called Strike
0-1: Ball
1-1: Foul Ball, location: 2F
1-2: SINGLE (Flyball, 9S)
Benoît Vigneault to third
John Miller to second
Batting: RHB Ryan Draper 0-0: Grounds into double play, 6-4-3 (Groundball, 6)
Benoît Vigneault scores
John Miller to third
Batting: RHB Alonso Durán 0-0: Swinging Strike
0-1: Ball
1-1: Ball
2-1: Called Strike
2-2: Strikes out looking
Top of the 4th over - 1 run(s), 3 hit(s), 0 error(s), 1 left on base; Illinois 1 - Pittsburgh 1
BOTTOM OF THE 4TH
Pittsburgh Panthers batting - Pitching for Illinois Fighting Illini : LHP José Vera
Batting: LHB Brandon Davis 0-0: Swinging Strike
0-1: Ball
1-1: Bunt for hit - play at first, batter OUT! 1-3
Batting: RHB Henry Cahill 0-0: Called Strike
0-1: Ball
1-1: Ball
2-1: Foul Ball, location: 2F
2-2: Strikes out swinging
Batting: LHB Mike Hanson 0-0: Ball
1-0: Foul Ball, location: 2F
1-1: Foul Ball, location: 2F
1-2: Strikes out swinging
Bottom of the 4th over - 0 run(s), 0 hit(s), 0 error(s), 0 left on base; Illinois 1 - Pittsburgh 1
TOP OF THE 5TH
Illinois Fighting Illini batting - Pitching for Pittsburgh Panthers : RHP António Estrada
Batting: RHB Fernando Núńez 0-0: Called Strike
0-1: Ball
1-1: Foul Ball, location: 2F
1-2: Ball
2-2: Foul Ball, location: 2F
2-2: Strikes out looking
Batting: RHB Jon Foster 0-0: Ball
1-0: Foul Ball, location: 2F
1-1: Foul Ball, location: 2F
1-2: Ball
2-2: Foul Ball, location: 2F
2-2: SINGLE (Groundball, 4D)
Pitching: RHP Michael McPherson
Batting: SHB Shannon Cline 0-0: Ball
1-0: SINGLE (Line Drive, 3D)
Jon Foster to second
Batting: RHB Alfonso Reyes 0-0: Called Strike
0-1: Swinging Strike
0-2: Foul Ball, location: 2F
0-2: Fly out, F7 (Flyball, 78M)
Batting: RHB Benoît Vigneault 0-0: Ground out 5-3 (Groundball, 56S)
Top of the 5th over - 0 run(s), 2 hit(s), 0 error(s), 2 left on base; Illinois 1 - Pittsburgh 1
BOTTOM OF THE 5TH
Pittsburgh Panthers batting - Pitching for Illinois Fighting Illini : LHP José Vera
Batting: RHB Ron Johnson 0-0: Ball
1-0: SINGLE (Groundball, 56D)
Batting: RHB Martín Camacho 0-0: Ball
1-0: Ball
2-0: Called Strike
2-1: Ground out 4-3 (Groundball, 4MS)
Ron Johnson to second
Batting: RHB Ismael Ortíz 0-0: Intentional Walk
Batting: RHB Pete Woods 0-0: Called Strike
Ron Johnson steals 3rd base
Ismael Ortíz to second
0-1: Ball
1-1: Intentional Walk
Pitching: RHP Jim Dudley
Batting: LHB Alonso Carbajal 0-0: Ball
1-0: Foul Ball, location: 2F
1-1: Foul Ball, location: 2F
1-2: Foul Ball, location: 2F
1-2: Strikes out looking
Batting: RHB Phil Ford 0-0: Fielders Choice at 2nd, 6-4 (Groundball, 6)
Bottom of the 5th over - 0 run(s), 1 hit(s), 0 error(s), 2 left on base; Illinois 1 - Pittsburgh 1
TOP OF THE 6TH
Illinois Fighting Illini batting - Pitching for Pittsburgh Panthers : RHP Michael McPherson
Batting: LHB John Miller 0-0: Ball
1-0: Called Strike
1-1: Foul Ball, location: 2F
1-2: Ground out 4-3 (Groundball, 4)
Batting: RHB Jesús Vélez 0-0: Ball
1-0: Ball
2-0: Foul Ball, location: 2F
2-1: Called Strike
2-2: Strikes out swinging
Batting: RHB Ryan Draper 0-0: Ball
1-0: Fly out, F3 (Popup, 3S)
Top of the 6th over - 0 run(s), 0 hit(s), 0 error(s), 0 left on base; Illinois 1 - Pittsburgh 1
BOTTOM OF THE 6TH
Pittsburgh Panthers batting - Pitching for Illinois Fighting Illini : RHP Jim Dudley
Batting: LHB Brandon Davis 0-0: Called Strike
0-1: SINGLE (Line Drive, 78M)
Batting: RHB Henry Cahill 0-0: Called Strike
0-1: Swinging Strike
0-2: Ball
1-2: Foul Ball, location: 2F
1-2: SINGLE (Flyball, 8RS)
Brandon Davis to second
Runner from 2nd tries for 3rd, SAFE, no throw
Batting: LHB Mike Hanson 0-0: Ball
1-0: Swinging Strike
1-1: Swinging Strike
1-2: Ball
2-2: Foul Ball, location: 2F
2-2: Foul Ball, location: 2F
2-2: SINGLE (Groundball, 56D)
Brandon Davis scores
Henry Cahill to second
Batting: RHB Ron Johnson 0-0: Called Strike
0-1: Ball
1-1: Foul Ball, location: 2F
1-2: Strikes out swinging
Batting: RHB Martín Camacho 0-0: Called Strike
0-1: Called Strike
0-2: Ball
Wild Pitch!
Henry Cahill to third
Mike Hanson to second
1-2: Strikes out swinging
Batting: RHB Ismael Ortíz 0-0: Called Strike
0-1: Ball
1-1: Ball
2-1: Ball
3-1: Swinging Strike
3-2: Foul Ball, location: 2F
3-2: Base on Balls
Batting: RHB Pete Woods 0-0: Foul Ball, location: 2F
0-1: Ball
1-1: Ball
2-1: SINGLE (Line Drive, 8LS)
Henry Cahill scores
Mike Hanson to third
Ismael Ortíz to second
Pitching: RHP Arnold Jacobson
Batting: LHB Alonso Carbajal 0-0: Called Strike
0-1: Called Strike
0-2: Ground out 6-3 (Groundball, 6S)
Bottom of the 6th over - 2 run(s), 4 hit(s), 0 error(s), 3 left on base; Illinois 1 - Pittsburgh 3
TOP OF THE 7TH
Illinois Fighting Illini batting - Pitching for Pittsburgh Panthers : RHP Michael McPherson
Batting: RHB Alonso Durán 0-0: Foul Ball, location: 2F
0-1: Ground out 6-3 (Groundball, 56)
Batting: RHB Fernando Núńez 0-0: SINGLE (Groundball, 6MD)
Batting: RHB Jon Foster 0-0: Fielders Choice at 2nd, 4-6 (Groundball, 4)
Batting: SHB Shannon Cline 0-0: Ball
1-0: Ball
2-0: Ball
3-0: Called Strike
3-1: Called Strike
3-2: Fly out, F6 (Popup, 6S)
Top of the 7th over - 0 run(s), 1 hit(s), 0 error(s), 1 left on base; Illinois 1 - Pittsburgh 3
BOTTOM OF THE 7TH
Pittsburgh Panthers batting - Pitching for Illinois Fighting Illini : RHP Arnold Jacobson
Batting: RHB Phil Ford 0-0: Called Strike
0-1: Swinging Strike
0-2: Ball
1-2: SINGLE (Line Drive, 7S)
Batting: LHB Brandon Davis 0-0: Sac Bunt - play at first, batter OUT! 5-3
Phil Ford to second
Batting: RHB Henry Cahill 0-0: Swinging Strike
0-1: Ball
1-1: Foul Ball, location: 2F
1-2: Ball
2-2: Foul Ball, location: 2F
2-2: Foul Ball, location: 2F
2-2: Foul Ball, location: 2F
2-2: Ball
3-2: Strikes out swinging
Batting: LHB Mike Hanson 0-0: Foul Ball, location: 2F
0-1: Called Strike
0-2: Ball
1-2: Fly out, F9 (Flyball, 89S)
Bottom of the 7th over - 0 run(s), 1 hit(s), 0 error(s), 1 left on base; Illinois 1 - Pittsburgh 3
TOP OF THE 8TH
Illinois Fighting Illini batting - Pitching for Pittsburgh Panthers : RHP Michael McPherson
Batting: RHB Alfonso Reyes 0-0: Called Strike
0-1: Called Strike
0-2: Foul Ball, location: 2F
0-2: Foul Ball, location: 2F
0-2: Foul Ball, location: 2F
0-2: Ball
1-2: SINGLE (Line Drive, 9LS)
Batting: RHB Benoît Vigneault 0-0: SINGLE (Line Drive, 89M)
Alfonso Reyes to second
Pitching: LHP Harry Gordon
Batting: LHB John Miller 0-0: Ball
1-0: Swinging Strike
1-1: Ball
2-1: SINGLE (Line Drive, 89M)
Alfonso Reyes to third
Benoît Vigneault to second
Pitching: RHP Stephen Smith
Batting: RHB Jesús Vélez 0-0: Called Strike
0-1: Foul Ball, location: 2F
0-2: Ball
1-2: Strikes out swinging
Batting: RHB Ryan Draper 0-0: Swinging Strike
0-1: Ball
1-1: Ball
2-1: Ground out 6-3 (Groundball, 6S)
Alfonso Reyes scores
Benoît Vigneault to third
John Miller to second
Batting: RHB Alonso Durán 0-0: Swinging Strike
0-1: Ground out 6-3 (Groundball, 6)
Top of the 8th over - 1 run(s), 3 hit(s), 0 error(s), 2 left on base; Illinois 2 - Pittsburgh 3
BOTTOM OF THE 8TH
Pittsburgh Panthers batting - Pitching for Illinois Fighting Illini : RHP Arnold Jacobson
Batting: RHB Ron Johnson 0-0: Ball
1-0: Called Strike
1-1: DOUBLE (Line Drive, 7)
Batting: RHB Martín Camacho 0-0: Ball
Ron Johnson is caught stealing 3rd base
1-0: Fly out, F9 (Flyball, 9)
Batting: RHB Ismael Ortíz 0-0: Fly out, F9 (Flyball, 9S)
Bottom of the 8th over - 0 run(s), 1 hit(s), 0 error(s), 0 left on base; Illinois 2 - Pittsburgh 3
TOP OF THE 9TH
Illinois Fighting Illini batting - Pitching for Pittsburgh Panthers : RHP Stephen Smith
Pitching: RHP Terrence Boswell
Batting: RHB Fernando Núńez 0-0: Swinging Strike
0-1: Ball
1-1: Ball
2-1: Foul Ball, location: 2F
2-2: Strikes out swinging
Batting: RHB Jon Foster 0-0: Ball
1-0: Foul Ball, location: 2F
1-1: Ground out 4-3 (Groundball, 4)
Batting: SHB Shannon Cline 0-0: Ball
1-0: Ball
2-0: Ball
3-0: Base on Balls
Batting: RHB Alfonso Reyes 0-0: 2-RUN HOME RUN (Flyball, 7LD), Distance : 312 ft
Pitching: LHP Bill York
Batting: RHB Benoît Vigneault 0-0: Ball
1-0: Ball
2-0: Called Strike
2-1: Ball
3-1: Called Strike
3-2: SINGLE (Line Drive, 9S)
Batting: LHB John Miller 0-0: Ball
1-0: Swinging Strike
1-1: Ground out 4-3 (Groundball, 4M)
Top of the 9th over - 2 run(s), 2 hit(s), 0 error(s), 1 left on base; Illinois 4 - Pittsburgh 3
BOTTOM OF THE 9TH
Pittsburgh Panthers batting - Pitching for Illinois Fighting Illini : RHP Arnold Jacobson
Pitching: LHP Shawn Peters
Now at 2B: Robbie Robertson
Batting: RHB Pete Woods 0-0: Ball
1-0: Foul Ball, location: 2F
1-1: Ball
2-1: Ground out 4-3 (Groundball, 4)
Batting: LHB Alonso Carbajal 0-0: Ball
1-0: Called Strike
1-1: Ball
2-1: Foul Ball, location: 2F
2-2: Foul Ball, location: 2F
2-2: Ball
3-2: Base on Balls
Batting: RHB Phil Ford 0-0: Called Strike
0-1: Called Strike
0-2: Ball
1-2: Foul Ball, location: 2F
1-2: Strikes out swinging
Pinch Hitting: SHB Tim Mullen 0-0: Called Strike
0-1: Ball
1-1: Ball
2-1: Swinging Strike
2-2: Ball
3-2: Base on Balls
Alonso Carbajal to second
Batting: RHB Henry Cahill 0-0: Called Strike
0-1: Foul Ball, location: 2F
0-2: Fielders Choice at 2nd, 4-6 (Groundball, 34)
Bottom of the 9th over - 0 run(s), 0 hit(s), 0 error(s), 1 left on base; Illinois 4 - Pittsburgh 3
Thursday, March 30th, 2017 - OOTP Baseball 17.12 Build 75